Map: [ESL] Dragon Scales

Players

Ryung

  • Race: Terran Terran
  • League: Master

Elazer - Winner!

  • Race: Zerg Zerg

Event: IEM Katowice 2023

VOD

Have the link to the VOD?

Description

Time

  • Played on: Feb. 8, 2023, 2:42 p.m.
  • Length: 12:10

All games in this series

Show
View Real Time Build Order
Export as new Build Order

Ryung Terran 

Build Orders: Command Center First (CC), Hellion Opening 

Get SALT Encoding   

  12  0:00  SCV  
  13  0:12  SCV  
  14  0:17  Supply Depot  
  14  0:24  SCV  
  15  0:38  SCV  
  16  0:50  SCV  
  17  0:58  Command Center  
  17  1:03  SCV  
  18  1:12  Barracks  
  18  1:15  SCV  
  19  1:20  Refinery  
  19  1:27  SCV  
  19  1:29  Refinery  
  20  1:39  SCV  
  21  1:51  SCV  
  22  1:58  Marine  
  23  2:03  Orbital Command  
  23  2:07  Factory  
  23  2:12  Orbital Command  
  23  2:17  Barracks Reactor  
  23  2:28  SCV  
  24  2:39  SCV  
  24  2:41  SCV  
  26  2:51  SCV  
  27  2:53  SCV, Starport  
  27  2:54  Supply Depot  
  28  3:02  Hellion x2  
  28  3:03  Barracks Tech Lab, SCV  
  28  3:05  SCV  
  34  3:15  SCV  
  34  3:17  SCV  
  36  3:21  Supply Depot  
  36  3:22  Stimpack  
  36  3:23  Marine, Hellion x2  
  41  3:27  SCV  
  41  3:30  Viking  
  41  3:33  SCV  
  45  3:39  SCV  
  46  3:44  Hellion  
  46  3:45  Hellion  
  46  3:47  Supply Depot  
  50  3:49  Marine  
  50  3:50  SCV  
  50  3:52  SCV  
  53  4:00  Supply Depot  
  53  4:02  Starport Reactor  
  53  4:06  SCV  
  53  4:08  SCV  
  55  4:13  Supply Depot  
  55  4:14  Barracks  
  55  4:18  Factory Tech Lab, Barracks, SCV  
  55  4:21  SCV  
  57  4:24  Engineering Bay  
  57  4:26  Marine, Supply Depot  
  57  4:30  SCV  
  59  4:33  SCV  
  60  4:40  Siege Tank, Barracks  
  60  4:43  Barracks  
  63  4:49  SCV x2, Refinery  
  65  4:52  Starport Reactor  
  65  4:56  Marine  
  65  4:58  Supply Depot  
  66  5:01  Marine x2, SCV x2  
  66  5:06  Terran Infantry Weapons Level 1  
  70  5:07  Combat Shield  
  70  5:12  Siege Tank  
  70  5:13  Marine  
  70  5:14  Marine  
  75  5:20  Supply Depot  
  75  5:21  Marine x2, Supply Depot  
  77  5:30  Medivac x2  
  77  5:31  Marine x3  
  84  5:36  Refinery  
  84  5:41  Marine x2  
  86  5:43  Marine x2  
  86  5:44  Siege Tank  
  86  5:48  Supply Depot  
  86  5:49  Marine  
  91  5:50  Marine  
  91  5:51  Supply Depot  
  91  5:56  Marine  
  94  5:59  Marine x2  
  94  6:00  Medivac  
  94  6:01  Marine x2  
  100  6:06  Medivac  
  100  6:07  Marine x2  
  104  6:15  Supply Depot  
  104  6:17  Siege Tank  
  104  6:18  Marine  
  108  6:21  Marine x2  
  108  6:22  Marine x2  
  108  6:25  Marine  
  112  6:26  Marine  
  114  6:36  Marine  
  114  6:39  Marine x3  
  117  6:40  Marine  
  117  6:43  Marine  
  117  6:44  Marine  
  119  6:53  Marine  
  107  6:56  Siege Tank  
  107  6:57  Marine x3  
  107  6:58  Marine  
  107  7:01  Marine x2  
  113  7:04  Liberator  
  117  7:08  Liberator  
  117  7:11  Marine  
  117  7:15  Marine x3  
  121  7:16  Marine  
  121  7:19  Marine x2  
  110  7:29  Marine  
  111  7:31  Siege Tank  
  111  7:33  Marine x4  
  111  7:34  Terran Infantry Armor Level 1  
  111  7:36  Marine  
  119  7:37  Marine  
  120  7:47  Marine  
  120  7:50  Marine x2  
  120  7:51  Marine x2  
  123  7:54  Marine  
  123  7:55  Marine  
  99  8:05  Marine  
  91  8:08  Marine x3  
  91  8:09  Marine  
  91  8:12  Marine  
  86  8:13  Marine  
  86  8:19  Siege Tank  
  90  8:22  Marine  
  90  8:26  Marine x3  
  96  8:27  Marine  
  96  8:30  Marine x2  
  96  8:32  Liberator x2  
  103  8:40  Marine  
  104  8:44  Marine x3  
  104  8:45  Marine  
  104  8:48  Marine x2  
  109  8:51  Siege Tank  
  113  8:58  Marine  
  113  9:02  Marine x4  
  114  9:05  Marine  
  114  9:06  Marine  
  115  9:16  Marine  
  116  9:19  Marine  
  116  9:20  Marine x3  
  116  9:23  Siege Tank, Marine  
  113  9:24  Marine  
  113  9:30  Liberator x2  
  118  9:34  Marine  
  118  9:37  Marine x3  
  118  9:38  Marine  
  122  9:41  Marine  
  122  9:42  Marine  
  125  9:52  Marine  
  126  9:55  Marine x3, Siege Tank, Supply Depot  
  126  9:56  Marine  
  126  9:59  Marine  
  134  10:01  Marine  
  118  10:09  Marine  
  118  10:13  Marine x3  
  118  10:14  Marine  
  110  10:17  Marine  
  110  10:19  Marine  
  107  10:27  Marine  
  106  10:31  Marine x3  
  106  10:32  Marine, Orbital Command  
  106  10:34  Marine  
  110  10:37  Marine  
  100  10:45  Marine  
  100  10:48  Marine  
  100  10:49  Marine x3  
  102  10:52  Orbital Command, Marine  
  102  10:55  Marine  
  104  10:58  Siege Tank  
  104  11:03  Marine  
  101  11:06  Marine x2  
  103  11:13  Marine x2  
  105  11:20  Orbital Command, Medivac  
  102  11:40  Marine  
  102  11:41  Marine  
  104  11:49  Marine x3  
Show
View Real Time Build Order
Export as new Build Order

Elazer Zerg - Winner!

Build Orders: Hatch First 

Get SALT Encoding   

  12  0:00  Drone  
  13  0:12  Overlord  
  13  0:16  Drone  
  14  0:30  Drone x2  
  16  0:47  Hatchery  
  15  0:50  Drone  
  15  0:53  Drone  
  15  0:57  Drone  
  18  1:07  Extractor  
  17  1:12  Spawning Pool  
  17  1:15  Drone  
  18  1:18  Drone  
  18  1:27  Drone  
  19  1:38  Drone  
  20  1:49  Drone  
  21  1:59  Queen x2  
  21  2:00  Zergling x4  
  27  2:10  Drone  
  27  2:11  Overlord  
  27  2:12  Metabolic Boost  
  28  2:27  Hatchery  
  27  2:30  Drone  
  27  2:32  Drone  
  27  2:35  Drone  
  30  2:38  Drone  
  30  2:43  Queen  
  33  2:48  Overlord  
  33  2:51  Drone  
  34  2:53  Drone  
  35  3:00  Drone  
  36  3:07  Overlord  
  36  3:10  Drone x4  
  39  3:16  Queen  
  41  3:20  Queen  
  41  3:27  Drone x2  
  45  3:28  Overlord  
  45  3:30  Zergling x2  
  46  3:36  Drone  
  47  3:41  Queen  
  47  3:42  Drone x4  
  53  3:48  Drone x2  
  53  3:52  Drone x4  
  59  3:56  Queen  
  59  4:00  Overlord  
  61  4:04  Baneling Nest  
  61  4:05  Drone  
  61  4:10  Drone x2  
  61  4:15  Overlord  
  63  4:17  Queen  
  63  4:18  Drone x3  
  63  4:23  Zergling x6  
  71  4:25  Zergling x4  
  73  4:33  Overlord  
  73  4:34  Drone x3  
  73  4:36  Spore Crawler  
  73  4:37  Spore Crawler  
  74  4:43  Drone x3  
  74  4:45  Queen  
  79  4:47  Drone  
  79  4:51  Lair  
  79  4:52  Drone x4  
  84  4:53  Extractor  
  84  4:58  Overlord  
  83  5:00  Drone x3  
  83  5:02  Extractor, Drone  
  86  5:10  Overlord  
  86  5:12  Drone  
  87  5:15  Extractor  
  87  5:16  Drone x4  
  87  5:17  Drone x2  
  92  5:23  Overlord, Queen  
  92  5:26  Zergling x4  
  92  5:27  Zergling x4  
  98  5:31  Overlord  
  98  5:32  Hatchery  
  98  5:35  Evolution Chamber  
  96  5:36  Zergling x8  
  96  5:41  Zergling x2  
  101  5:45  Overlord  
  100  5:52  Zergling x8  
  100  5:54  Evolution Chamber  
  103  5:58  Overlord, Centrifugal Hooks  
  103  6:04  Zergling x6  
  106  6:08  Overlord  
  106  6:11  Zergling x4  
  107  6:21  Queen x3, Zerg Melee Weapons Level 1, Zerg Ground Armor Level 1  
  107  6:22  Baneling x5  
  107  6:24  Zergling x14  
  120  6:30  Zergling x2  
  121  6:38  Baneling x10  
  121  6:41  Zergling x8  
  121  6:42  Zergling x6  
  125  6:52  Zergling x2  
  125  6:53  Zergling x14  
  116  6:57  Zergling x6  
  116  7:00  Queen x2  
  116  7:01  Queen  
  117  7:04  Zergling x2  
  118  7:09  Baneling  
  118  7:10  Baneling x17  
  118  7:12  Zergling x10  
  122  7:20  Zergling x12  
  117  7:23  Zergling x4  
  117  7:25  Queen  
  117  7:28  Zergling x2  
  121  7:32  Zergling x4  
  123  7:37  Zergling x2  
  123  7:38  Zergling x10  
  123  7:39  Queen  
  123  7:43  Zergling x8  
  134  7:55  Zergling x14  
  130  7:59  Burrow  
  130  8:02  Zergling x4  
  121  8:06  Zergling x4  
  114  8:14  Zergling x20  
  114  8:16  Zergling x2  
  114  8:17  Zerg Melee Weapons Level 2, Zerg Ground Armor Level 2  
  125  8:25  Zergling x8  
  129  8:31  Baneling x7  
  129  8:32  Baneling x7  
  129  8:33  Zergling x2  
  130  8:38  Hatchery  
  130  8:40  Zergling x12  
  135  8:44  Overlord  
  135  8:53  Baneling x8  
  135  9:07  Zergling x20  
  142  9:19  Zergling x12  
  142  9:20  Zergling x12  
  130  9:35  Zergling x20  
  140  9:42  Hydralisk Den  
  140  9:45  Zergling x8  
  143  9:47  Overlord x4  
  143  9:50  Spore Crawler  
  143  9:52  Zergling x2  
  143  9:53  Zergling x4  
  145  10:06  Zergling x32  
  148  10:08  Baneling x9  
  148  10:12  Zergling x2  
  139  10:18  Zergling x8  
  139  10:19  Baneling x7  
  139  10:21  Muscular Augments  
  135  10:30  Zergling x14  
  139  10:37  Zergling x12  
  130  10:45  Zergling x14  
  135  10:53  Zergling x10  
  135  11:03  Hydralisk x5  
  129  11:13  Hydralisk  
  129  11:14  Hydralisk x4  
  136  11:27  Zergling x24  
  148  11:33  Zergling x2  
  148  11:34  Zergling x8  
  153  11:41  Zergling x6  
  153  11:42  Zergling x6  
  159  11:52  Zergling x2  
  159  11:53  Zergling x14  

Tags
 
Add a new tag
Caveats
  • Supply blocks, unpowered buildings, or Contaminate may cause inaccurate times.
  • Supply counts are checked every 10 seconds.